 Dungeon Crawl Stone Soup version 0.27.0-1-g7a089689b8 (webtiles) character file.

Game seed: 6418107558103472505

1207 nicksoapdish the Changer (level 8, 0/48 HPs)
             Began as an Octopode Transmuter on Aug 4, 2021.
             Was a Follower of Uskayaw.
             Succumbed to a water moccasin's poison
             ... on level 5 of the Dungeon.
             The game lasted 00:22:14 (5753 turns).

nicksoapdish the Changer (Octopode Transmuter)      Turns: 5753, Time: 00:22:15

Health: 0/48       AC:  2    Str: 16    XL:     8   Next: 45%
Magic:  12/15      EV: 20    Int: 17    God:    Uskayaw [*.....]
Gold:   223        SH:  0    Dex: 23    Spells: 2/16 levels left

rFire    + . .     SeeInvis .     - Unarmed
rCold    + . .     Faith    +   (shield currently unavailable)
rNeg     . . .     Spirit   .   (helmet currently unavailable)
rPois    .         Reflect  .   h - amulet of faith
rElec    +         Harm     .   m - +6 ring of strength
rCorr    +         Rampage  .   q - +6 ring of dexterity
Will     .....                  (no ring)
Stlth    ++........             (no ring)
HPRegen  0.16/turn              (no ring)
MPRegen  0.14/turn              (no ring)
                                (no ring)
                                (no ring)

@: lethally poisoned (0 -> -7), spider-form, resistant
A: venomous fangs, almost no armour, (amphibious), 8 rings, tiny, (camouflage
1), (gelatinous body 1), (nimble swimmer 1), (tentacles)
a: End Transformation, Renounce Religion, Stomp


You were on level 5 of the Dungeon.
You worshipped Uskayaw.
Uskayaw was noncommittal.
You were a venomous arachnid creature.
You visited 2 branches of the dungeon, and saw 7 of its levels.

You collected 223 gold pieces.

Inventory:

Hand Weapons
 b - a +0 hunting sling
 p - the +9 falchion of Tumult (melded) {flame, Int+8}
   (You found it on level 5 of the Dungeon)

   It burns those it strikes, dealing additional fire damage.
   Big, fiery blades are also staple armaments of hydra-hunters.
   Int:       It affects your intelligence (+8).
Missiles
 f - 84 stones
 l - a throwing net
Jewellery
 e - an amulet of reflection
 h - an amulet of faith (around neck)
 m - a +6 ring of strength (left front leg)
 q - a +6 ring of dexterity (right front leg)
Wands
 a - a wand of digging (5)
 k - a wand of flame (8)
 o - a wand of iceblast (6)
Scrolls
 c - a scroll of enchant weapon
 d - a scroll of brand weapon {unknown}
 g - 2 scrolls of teleportation
 j - a scroll of noise {unknown}
 s - a scroll of fog {unknown}
 u - a scroll of blinking {unknown}
Potions
 i - a potion of ambrosia {unknown}
 n - a potion of lignification {unknown}
 t - a potion of resistance


   Skills:
 - Level 1.0 Fighting
 + Level 2.6 Long Blades
 - Level 0.1 Slings
 - Level 2.0 Dodging
 - Level 3.0 Unarmed Combat
 + Level 4.8 Spellcasting
 * Level 2.5 Hexes
 + Level 5.8 Transmutations
 * Level 2.8 Ice Magic
 * Level 4.3 Poison Magic


You had 2 spell levels left.
You knew the following spells:

 Your Spells              Type           Power      Damage    Failure   Level
a - Beastly Appendage     Tmut           46%        N/A       6%          1
b - Wereblood             Tmut           23%        N/A       8%          2
c - Spider Form           Tmut/Pois      10%        N/A       16%         3
d - Ice Form              Ice/Tmut       18%        N/A       45%         4
e - Cause Fear            Hex            6%         N/A       67%         4

Your spell library contained the following spells:

 Spells                   Type           Power      Damage    Failure   Level
 Inner Flame              Hex/Fire       8%         N/A       47%         3
 Discord                  Hex            6%         N/A       100%        8


Dungeon Overview and Level Annotations

Branches:
Dungeon (6/15)             Temple (1/1) D:4

Altars:
Ashenzari
Dithmenos
Fedhas
Gozag
Makhleb
Nemelex Xobeh
Okawaru
Ru
Sif Muna
Trog
Uskayaw
Wu Jian
Xom
Yredelemnul
The Shining One


Innate Abilities, Weirdness & Mutations

You are a venomous arachnid creature.
You have poisonous fangs.
You are tiny and dextrous.
Your spellcasting is less reliable in this form.
Your armour is entirely melded.
You are incapable of wielding weapons or throwing items.
You cannot wear most types of armour.
((You are amphibious.))
You can wear up to eight rings at the same time.
((Your skin changes colour to match your surroundings (Stealth+).))
((Your rubbery body absorbs attacks. (AC +1, EV +1)))
((You are camouflaged near water. (Stealth+)))
((You have tentacles for arms and can constrict up to eight enemies at once.))


Message History

The water moccasin is lightly wounded.
You feel extremely sick. The water moccasin closely misses you.
You hit the water moccasin but do no damage.
The water moccasin is lightly wounded.
You feel very sick.
The water moccasin completely misses you.
You barely miss the water moccasin.
The water moccasin is lightly wounded.
You feel very sick. The water moccasin closely misses you.
The water moccasin bites you.
You are lethally poisoned!
The water moccasin poisons you!
* * * LOW HITPOINT WARNING * * *
You feel extremely sick.
Your transformation has ended.
The +9 falchion of Tumult {flame, Int+8} unmelds from your body.
The +9 falchion of Tumult {flame, Int+8} bursts into flame!
* * * LOW HITPOINT WARNING * * *
You feel extremely sick.
You feel better. The water moccasin barely misses you.
You riposte.
You hit the water moccasin but do no damage.
Your grab misses the water moccasin. You squeeze the water moccasin.
The water moccasin is heavily wounded.
The water moccasin bites you.
* * * LOW HITPOINT WARNING * * *
You are lethally poisoned!
The water moccasin poisons you!
Casting: Spider Form (dangerous; 3% risk of failure)
Confirm with . or Enter, or press ? or * to list all spells.
You turn into a venomous arachnid creature.
The +9 falchion of Tumult {flame, Int+8} melds into your body.
The +9 falchion of Tumult {flame, Int+8} stops flaming.
* * * LOW HITPOINT WARNING * * *
You feel very sick. The water moccasin misses you.
* * * LOW HITPOINT WARNING * * *
You feel sick.
You feel protected.
You die...

######...##..# #.# #..##
##..### ...)...#.#..##
..###..# #.†## #
######...#..## #.# ##.###.##
## # ####.......### .##
#.#...# #.
###............###..###...###
#>
.##.#####.........#.......#
#.
.##.###...#.##.........#.##
#. ..........#......#..[....#
##.
.............###s......#.#
#..
#######.####....S####..#.####
#.# ##())##.#.##..##.##
#.......###.#
.##'##..#..#.(##/.#
###...#.....#
...#....##.#..###.#
#....###).. .......##..#.##
.# #..#.# ##.. .......'...#.#
.# #.>#.# #.# .......##.)# .#
#..†.####.# ........##.# .#
##.<......#


You could see a water moccasin (poisoned).

Vanquished Creatures
  2 ogres (D:5)
  3 centaurs (D:5)
  A scorpion (D:5)
  A water moccasin skeleton (D:5)
  A bullfrog zombie (D:5)
  A jelly (D:5)
  A hound (D:5)
  Crazy Yiuf (D:4)
  3 orc priests
  4 iguanas
  Ijyb (D:4)
  Natasha (thrice) (D:4)
  A scorpion zombie (D:5)
  2 orc wizards (D:5)
  A hound zombie (D:5)
  Robin (D:3)
  A howler monkey skeleton (D:5)
  5 adders
  5 dart slugs
  15 orcs
  6 ball pythons
  6 endoplasms
  5 giant cockroaches (D:1)
  6 hobgoblins
  6 jackals
  4 kobolds
  4 quokkas
  6 bats
  3 frilled lizards
  14 goblins
  3 rats
116 creatures vanquished.

Notes
Turn   | Place    | Note
-------+----------+-------------------------------------------
     0 | D:1      | nicksoapdish the Octopode Transmuter began the quest for
                  | the Orb.
     0 | D:1      | Reached XP level 1. HP: 13/13 MP: 3/3
    93 | D:1      | Reached XP level 2. HP: 10/18 MP: 3/5
   103 | D:1      | Learned a level 2 spell: Wereblood
   735 | D:1      | Reached skill level 3 in Transmutations
   735 | D:1      | Reached XP level 3. HP: 2/23 MP: 2/6
  1764 | D:2      | Found a faded altar of an unknown god.
  1787 | D:2      | Learned a level 3 spell: Spider Form
  2336 | D:3      | Reached XP level 4. HP: 28/28 MP: 3/8
  2346 | D:3      | Reached skill level 4 in Transmutations
  2717 | D:3      | Reached skill level 1 in Poison Magic
  2837 | D:3      | Noticed Robin
  2853 | D:3      | Reached XP level 5. HP: 18/33 MP: 6/9
  2858 | D:3      | Killed Robin
  2866 | D:3      | Learned a level 4 spell: Ice Form
  2897 | D:3      | You fall into a shaft and drop 3 floors!
  2923 | D:5      | Entered Level 5 of the Dungeon
  2927 | D:4      | Noticed Natasha
  2940 | D:4      | Killed Natasha
  3230 | D:4      | Noticed Natasha
  3239 | D:4      | Killed Natasha
  3342 | D:4      | Noticed Natasha
  3355 | D:4      | Killed Natasha
  3356 | D:4      | Reached XP level 6. HP: 27/38 MP: 8/11
  3377 | D:4      | Reached skill level 1 in Ice Magic
  3729 | D:4      | Found a staircase to the Ecumenical Temple.
  3739 | Temple   | Entered the Ecumenical Temple
  3900 | Temple   | Became a worshipper of Uskayaw the Reveller
  3989 | D:4      | Noticed Ijyb
  4006 | D:4      | Reached * piety under Uskayaw
  4008 | D:4      | Reached ** piety under Uskayaw
  4010 | D:4      | Killed Ijyb
  4197 | D:4      | Found a runed translucent door.
  4200 | D:4      | Noticed Crazy Yiuf
  4226 | D:4      | Killed Crazy Yiuf
  4343 | D:4      | Reached *** piety under Uskayaw
  4536 | D:5      | Identified the +9 falchion of Tumult {flame, Int+8}
  4542 | D:5      | Reached XP level 7. HP: 43/43 MP: 10/13
  4548 | D:5      | Learned a level 4 spell: Cause Fear
  4585 | D:5      | Reached skill level 1 in Hexes
  4585 | D:5      | Reached skill level 5 in Transmutations
  4665 | D:5      | Reached **** piety under Uskayaw
  4953 | D:5      | Reached skill level 1 in Long Blades
  5181 | D:5      | Reached XP level 8. HP: 12/48 MP: 11/14
  5181 | D:5      | Reached ***** piety under Uskayaw
  5749 | D:5      | HP: 1/48 [poisoned by a water moccasin]
  5753 | D:5      | Succumbed to a water moccasin's poison

Illustrated notes

Levels and vault maps discovered:
D:1:      evilmike_arrival_fibonacci_small, layout_basic, minmay_misc_feat_tiny
D:2:      layout_basic, shapermc_ecumenical_altar_acropolis
D:3:      minmay_general_purpose_star, layout_rooms, chequers_big_river,
          hex_large, kennysheep_generic_room_13, uniq_robin
D:4:      layout_cave_pools, minmay_temple_entry_glass, uniq_ijyb, uniq_natasha,
          uniq_crazy_yiuf_cottage
D:5:      layout_rooms, minmay_pentangle
D:6:      layout_loops_ring
Temple:   regret_index_temple_waves

Skill      XL: |  1  2  3  4  5  6  7  8 |
---------------+-------------------------+-----
Transmutations | 3 4 5 |  5.8
Poison Magic   | 1 3 4 |  4.3
Spellcasting   | 3 4 |  4.8
Ice Magic      | 1 2 |  2.8
Hexes          | 2 |  2.5
Long Blades    | 1 2 |  2.6
Fighting       | |  1.0
Slings         | |  0.1
Dodging        | |  2.0
Unarmed Combat | |  3.0

Action                   |  1- 3 |  4- 6 |  7- 9 || total
-------------------------+-------+-------+-------++-------
Melee: Unarmed           |    86 |   113 |     7 ||   206
       Constrict         |    25 |    30 |    11 ||    66
       Kick              |    17 |    36 |    15 ||    68
       Tentacles         |    13 |    26 |     8 ||    47
       Punch             |     1 |     2 |       ||     3
       Falchion          |       |     1 |    33 ||    34
 Fire: Hunting sling     |     1 |       |       ||     1
 Cast: Beastly Appendage |    28 |    20 |     8 ||    56
       Wereblood         |    11 |    13 |     9 ||    33
       Spider Form       |       |       |     4 ||     4
Invok: Line Pass         |       |       |     1 ||     1
Evoke: Wand              |       |     1 |       ||     1
  Use: Scroll            |     4 |     3 |       ||     7
       Potion            |     1 |       |     3 ||     4
 Stab: Sleeping          |     3 |     2 |       ||     5
       Paralysed         |       |       |     5 ||     5
       Confused          |       |       |     1 ||     1
Armor: Skin              |     8 |     5 |     2 ||    15
Dodge: Dodged            |    64 |    61 |    29 ||   154
Block: Other             |       |    15 |       ||    15
       Rpst.: Falchion   |       |     1 |     6 ||     7
